 Dungeon Crawl Stone Soup version 0.27-a0-1189-gb8eb6cee8e (webtiles) character file.

Game seed: 15700755321893756841

3500 ptdevnull the Ducker (level 10, -2/76 HPs)
             Began as a Djinni Fire Elementalist on May 11, 2021.
             Was a Follower of Makhleb.
             Slain by a wyvern zombie (5 damage)
             ... on level 8 of the Dungeon on May 23, 2021.
             The game lasted 00:40:11 (10275 turns).

ptdevnull the Ducker (Djinni Fire Elementalist)    Turns: 10275, Time: 00:40:11

Health: -2/76      AC:  4    Str: 13    XL:     10   Next: 28%
Gold:   322        EV: 15    Int: 20    God:    Makhleb [*.....] SH:  0 Dex: 14

rFire    + . .     SeeInvis .   A - +2 dagger (vamp)
rCold    . . .     Faith    .   (no shield)
rNeg     . . .     Spirit   .   L - +0 troll leather armour
rPois    ∞         Reflect  .   (no helmet)
rElec    .         Harm     .   (no cloak)
rCorr    .         Rampage  .   (no gloves)
Will     +....                  (boots unavailable)
Stlth    ++........             O - amulet of the acrobat
HPRegen  1.22/turn              P - +6 ring of strength
MPRegen  0.00/turn              w - ring of ice

@: sluggish, freezing walls, flying, very slow
A: sickness immunity, fire resistance 2, cold vulnerability 1, float, innate
caster, hp casting, extra vitality 1
a: Renounce Religion


You were on level 8 of the Dungeon.
You worshipped Makhleb.
Makhleb was aware of your devotion.
You visited 1 branch of the dungeon, and saw 8 of its levels.

You collected 322 gold pieces.

Inventory:

Hand Weapons
 a - a +3 dagger
 b - a +0 hunting sling
 A - a +2 vampiric dagger (weapon)
 J - a +0 rapier
Missiles
 h - 5 curare-tipped darts
 r - 78 stones
 D - 2 silver boomerangs
 I - 4 atropa-tipped darts
Armour
 q - a +0 robe
 u - the +1 leather armour of Henotheism {Str+3 Int+2}
   (You found it on level 4 of the Dungeon)

   It affects your strength (+3).
   It affects your intelligence (+2).
 K - a +1 leather armour of cold resistance
 L - a +0 troll leather armour (worn)
Jewellery
 l - a ring of see invisible
 w - a ring of ice (right hand)
 O - an amulet of the acrobat (around neck)
 P - a +6 ring of strength (left hand)
Wands
 k - a wand of polymorph (3)
 N - a wand of paralysis (10)
 R - a wand of iceblast (4)
Scrolls
 f - a scroll of noise {unknown}
 g - a scroll of silence
 j - 4 scrolls of enchant weapon {unknown}
 o - 2 scrolls of magic mapping
 t - a scroll of vulnerability {unknown}
 x - 2 scrolls of teleportation {unknown}
 y - 2 scrolls of fog {unknown}
 z - 4 scrolls of identify {unknown}
 B - a scroll of immolation {unknown}
 E - a scroll of acquirement {unknown}
 G - a scroll of blinking {unknown}
 M - a scroll of summoning {unknown}
 Q - a scroll of enchant armour {unknown}
Potions
 c - a potion of cancellation {unknown}
 d - 2 potions of attraction {unknown}
 e - 3 potions of magic {unknown}
 i - 4 potions of heal wounds {unknown}
 m - a potion of curing {unknown}
 n - a potion of degeneration {unknown}
 p - 2 potions of mutation {unknown}
 s - 2 potions of invisibility
 v - 2 potions of flight {unknown}
 C - 2 potions of lignification {unknown}
 F - a potion of haste {unknown}
 H - a potion of brilliance {unknown}


   Skills:
 + Level 7.8 Fighting
 + Level 7.9 Dodging
 - Level 2.2 Stealth
 + Level 7.5 Spellcasting


You couldn't memorise any spells.
You knew the following spells:

 Your Spells              Type           Power      Damage    Failure   Level
a - Foxfire               Conj/Fire      100%       2x1d9     1%          1
b - Conjure Flame         Conj/Fire      37%        6-21      1%          3
c - Inner Flame           Hex/Fire       37%        N/A       1%          3
d - Sticky Flame          Conj/Fire      37%        2d6       5%          4
e - Fireball              Conj/Fire      18%        3d9       14%         5
f - Magic Dart            Conj           100%       1d8       1%          1
g - Ensorcelled Hibernat  Hex/Ice        100%       N/A       1%          2
h - Frozen Ramparts       Ice            100%       1d12      1%          3
i - Swiftness             Air            37%        N/A       1%          3
Your spell library was empty.

Dungeon Overview and Level Annotations

Branches:
Dungeon (8/15)             Temple (0/1) D:7
   Lair: D:8-11

Altars:
Cheibriados
Dithmenos
Kikubaaqudgha
Makhleb
Qazlal
Sif Muna
Trog
Uskayaw
Zin


Innate Abilities, Weirdness & Mutations

You are immune to sickness and miasma.
You are immune to poison.
Your flesh is very heat resistant. (rF++)
You are vulnerable to cold. (rC-)
You float through the air rather than walking.
You learn spells naturally, not from books.
Your magical power is your life essence.
You have superior vitality. (+4 HP)


Message History

The wyvern zombie is heavily damaged.
The wyvern zombie completely resists.
The wall freezes the wyvern zombie but does no damage.
The wyvern zombie barely misses you.
You hit the wyvern zombie.
The wyvern zombie is severely damaged.
The wyvern zombie resists.
The wall freezes the wyvern zombie.
The wyvern zombie bites you!
* * * LOW HITPOINT WARNING * * *
Unknown command.
Okay, then.
Your frozen ramparts will break if you move.
Continue?
Okay, then.
Casting: Foxfire (safe; 1% risk of failure)
Confirm with . or Enter, or press ? or * to list all spells.
Aiming: Magic Dart (safe; 1% risk of failure)
Press: ? - help, Shift-Dir - straight line, f - wyvern zombie
Aim: a wyvern zombie (severely damaged, 100% to hit)
The magic dart hits the wyvern zombie.
The wyvern zombie is severely damaged.
* * * LOW HITPOINT WARNING * * *
The wyvern zombie resists.
The wall freezes the wyvern zombie.
The wyvern zombie bites you.
* * * LOW HITPOINT WARNING * * *
You hit the wyvern zombie.
The wyvern zombie is severely damaged.
You start to feel a little faster.
The wyvern zombie completely resists.
The wall freezes the wyvern zombie but does no damage.
The wyvern zombie bites you.
* * * LOW HITPOINT WARNING * * *
The wyvern zombie completely resists.
The wall freezes the wyvern zombie but does no damage.
The wyvern zombie misses you.
You hit the wyvern zombie.
The wyvern zombie is almost destroyed.
The wyvern zombie completely resists.
The wall freezes the wyvern zombie but does no damage.
The wyvern zombie bites you.
You die...

........####.#####......####.#
....................#..####..#
......#######..##...#..##...##
.....## ##.##.###..##.####
.....# ####.....##...#..# ..
####>####.....##.###..##.## .# .
...#.##...## #.........# .# ..
........## ###....#######.#.##
...#.##..## #.@Z...≈...........
...#..##..# #..##.....#.#.....#.
>..##.###...##.###.#..######.###
..###.#####.#..##....## )#
#.............###..### S.
######.####.........# ...
####.###...##....## ....
#....))).........# .....
....####.).#####...# .....


You could see a wyvern zombie.

Vanquished Creatures
  A two-headed ogre (D:8)
  A troll (D:7)
  A steam dragon (D:6)
  A water moccasin (D:8)
  Duvessa (D:6)
  A black bear (D:7)
  5 sky beasts
  2 orc warriors
  An ice beast (D:8)
  An ogre (D:7)
  A phantom (D:4)
  A centaur (D:5)
  A kobold brigand (D:8)
  2 scorpions
  Dowan (D:6)
  A water moccasin zombie (D:4)
  5 howler monkeys
  A centaur zombie (D:8)
  2 bullfrog zombies
  2 hounds
  A bullfrog skeleton (D:6)
  3 orc priests
  5 iguanas
  5 orc wizards
  A hound zombie (D:5)
  A hound skeleton (D:4)
  Robin (D:4)
  9 adders
  2 adder skeletons
  4 worms
  4 dart slugs
  20 orcs
  4 ball pythons
  8 endoplasms
  2 giant cockroaches (D:1)
  13 goblins
  6 hobgoblins
  4 jackals (D:3)
  2 quokkas
  6 bats
  7 kobolds
  4 rats
144 creatures vanquished.

Vanquished Creatures (others)
  582 foxfires
582 creatures vanquished.

Grand Total: 726 creatures vanquished

Notes
Turn   | Place    | Note
-------+----------+-------------------------------------------
     0 | D:1      | ptdevnull the Djinni Fire Elementalist began the quest for
                  | the Orb.
     0 | D:1      | Reached XP level 1. HP: 15/15 MP: 0/0
   401 | D:1      | Reached XP level 2. HP: 18/21 MP: 0/0
  1487 | D:2      | Reached XP level 3. HP: 24/25 MP: 0/0
  1487 | D:2      | Learned a level 1 spell: Magic Dart
  1487 | D:2      | Upgraded the game from 0.27-a0-1147-gb3d8e82157 to
                  | 0.27-a0-1177-g245c70e1c0
  2004 | D:2      | Reached XP level 4. HP: 21/31 MP: 0/0
  2482 | D:2      | Upgraded the game from 0.27-a0-1177-g245c70e1c0 to
                  | 0.27-a0-1189-gb8eb6cee8e
  3222 | D:3      | Identified the Catalogue of Mutagenic Orientation
  3259 | D:3      | Reached XP level 5. HP: 34/36 MP: 0/0
  3259 | D:3      | Learned a level 2 spell: Ensorcelled Hibernation
  3653 | D:4      | Noticed Robin
  3677 | D:4      | Killed Robin
  3678 | D:4      | Reached skill level 1 in Fighting
  3900 | D:4      | Noticed a phantom
  3927 | D:4      | Killed a phantom
  3928 | D:4      | Reached XP level 6. HP: 20/43 MP: 0/0
  4473 | D:4      | Identified the +1 leather armour of Henotheism {Str+3
                  | Int+2}
  4530 | D:4      | Found a snail-covered altar of Cheibriados.
  4530 | D:4      | Found a burning altar of Makhleb.
  4530 | D:4      | Found a hide-covered altar of Uskayaw.
  4531 | D:4      | Found a stormy altar of Qazlal.
  4535 | D:4      | Found a glowing silver altar of Zin.
  4627 | D:4      | Became a worshipper of Makhleb the Destroyer
  5363 | D:5      | Entered Level 5 of the Dungeon
  5461 | D:5      | Reached XP level 7. HP: 46/49 MP: 0/0
  5461 | D:5      | Learned a level 3 spell: Frozen Ramparts
  5981 | D:5      | Reached skill level 5 in Spellcasting
  6125 | D:5      | Found a bloodstained altar of Trog.
  6129 | D:5      | Reached XP level 8. HP: 50/56 MP: 0/0
  6611 | D:6      | Reached skill level 5 in Dodging
  7002 | D:6      | Noticed Duvessa
  7011 | D:6      | Killed Duvessa
  7013 | D:6      | Noticed Dowan
  7021 | D:6      | Killed Dowan
  7319 | D:6      | Found a shadowy altar of Dithmenos.
  7714 | D:6      | Reached * piety under Makhleb
  7715 | D:6      | Reached XP level 9. HP: 60/63 MP: 0/0
  7715 | D:6      | Learned a level 3 spell: Swiftness
  8204 | D:7      | Noticed a troll
  8212 | D:7      | Killed a troll
  8319 | D:7      | Reached skill level 5 in Fighting
  8680 | D:7      | Found a staircase to the Ecumenical Temple.
 10246 | D:8      | Noticed a two-headed ogre
 10267 | D:8      | Reached XP level 10. HP: 39/75 MP: 0/0
 10267 | D:8      | Killed a two-headed ogre
 10272 | D:8      | HP: 3/76 [wyvern zombie (9)]
 10275 | D:8      | Slain by a wyvern zombie

Illustrated notes

Levels and vault maps discovered:
D:1:      minmay_arrival_widening_spiral_wide, layout_basic,
          corexii_hall_statues_x
D:2:      layout_loops_corners, grunt_ministairs_4
D:3:      layout_basic
D:4:      layout_loops_corners, minitemple, serial_bayou, serial_bayou_shore_a,
          serial_bayou_pond_a, serial_bayou_shore_b, serial_bayou_pond_d,
          palyth_stone_intersect, uniq_robin
D:5:      layout_rooms, nicolae_overflow_crystal_walls,
          minmay_misc_feat_diagonals, kennysheep_generic_room_8
D:6:      layout_layer_cave, lemuel_doored_altar, uniq_duvessa
D:7:      layout_layer_cave, minmay_temple_entry_waves
D:8:      kennysheep_ambush_hall, layout_rooms, serial_shops,
          nicolae_shop_stone, minmay_misc_feat_encased, uniq_psyche

Skill      XL: |  1  2  3  4  5  6  7  8  9 |
---------------+----------------------------+-----
Spellcasting   | 3 4 5 6 7 |  7.5
Stealth        | 2 |  2.2
Fighting       | 1 2 3 4 7 |  7.8
Dodging        | 3 4 5 7 |  7.9

Action                   |  1- 3 |  4- 6 |  7- 9 | 10-12 || total
-------------------------+-------+-------+-------+-------++-------
Melee: Dagger            |     2 |    14 |    13 |     5 ||    34
 Cast: Foxfire           |    51 |   122 |   220 |     1 ||   394
       Ensorcelled Hiber |       |     3 |    15 |       ||    18
       Conjure Flame     |       |     1 |       |       ||     1
       Frozen Ramparts   |       |       |     5 |       ||     5
       Magic Dart        |       |       |     1 |     1 ||     2
       Fireball          |       |       |     5 |     1 ||     6
       Swiftness         |       |       |     2 |       ||     2
  Use: Scroll            |       |       |     2 |       ||     2
 Stab: Sleeping          |       |     2 |     2 |       ||     4
Armor: Robe              |     5 |     3 |       |       ||     8
       Leather armour    |       |     5 |    14 |       ||    19
       Troll leather arm |       |       |    10 |       ||    10
Dodge: Dodged            |     8 |    27 |    71 |     4 ||   110

Table legend: (Time is in decaauts)
 A = Elapsed time spent in this place.
 B = Non-inter-level travel time spent in this place.
 C = Inter-level travel time spent in this place.
 D = Time resting spent in this place.
 E = Time spent auto-exploring this place.
 F = Levels seen in this place.
 G = Mean time per level.
                   A        B        C        D        E       F      G
               +--------+--------+--------+--------+--------+-----+--------+
         Total |  10276 |   9654 |    622 |   1982 |   6401 |   8 | 1284.5 |
       Dungeon |  10276 |   9654 |    622 |   1982 |   6401 |   8 | 1284.5 |
               +--------+--------+--------+--------+--------+-----+--------+

Top non-repeatable levels by time:
     D:4: 1822 daAuts
     D:6: 1601 daAuts
     D:1: 1534 daAuts
     D:7: 1481 daAuts
     D:5: 1257 daAuts
     D:2: 1237 daAuts
     D:3: 1033 daAuts
     D:8: 307 daAuts
